 Dungeon Crawl Stone Soup version 0.22.0-60-ga52c2fc (webtiles) character file.

271 shmeve the Skirmisher (level 6, 0/53 HPs)
             Began as a Draconian Fighter on Sept 10, 2018.
             Succumbed to a worker ant's poison
             ... on level 4 of the Dungeon.
             The game lasted 00:05:09 (2738 turns).

shmeve the Skirmisher (Draconian Fighter)           Turns: 2738, Time: 00:05:09

Health: 0/53       AC:  6    Str: 20    XL:     6   Next: 2%
Magic:  6/6        EV: 11    Int: 12    God:
Gold:   118        SH:  9    Dex: 10    Spells: 5/5 levels left

rFire    . . .     SeeInvis .   a - +0 war axe
rCold    . . .     Gourm    .   b - +0 shield
rNeg     . . .     Faith    .   (armour unavailable)
rPois    .         Spirit   .   (helmet restricted)
rElec    .         Reflect  .   (no cloak)
rCorr    .         Harm     .   (no gloves)
MR       .....                  (no boots)
Stlth    ++........             (no amulet)
HPRegen  0.00/turn              (no ring)
MPRegen  0.10/turn              m - +3 ring of intelligence

@: lethally poisoned (0 -> -12), non-regenerating, diseased, hasted, very quick
A: unfitting armour, cold-blooded, AC +6
a: no special abilities


You were on level 4 of the Dungeon.
You were very hungry.

You visited 1 branch of the dungeon, and saw 4 of its levels.

You collected 118 gold pieces.

Inventory:

Hand Weapons
 a - a +0 war axe (weapon)
Armour
 b - a +0 shield (worn)
Jewellery
 m - a +3 ring of intelligence (right hand)
Scrolls
 f - 8 scrolls of identify {unknown}
 g - a scroll of random uselessness
 h - a scroll of remove curse
 i - a scroll of magic mapping {unknown}
 j - 2 scrolls of amnesia {unknown}
 l - a scroll of teleportation {unknown}
Potions
 c - a potion of might
Comestibles
 d - 4 rations


   Skills:
 * Level 4.4 Fighting
 * Level 3.4 Axes
 * Level 3.7 Dodging
 + Level 1.6 Stealth
 * Level 4.1 Shields


You had 5 spell levels left.
You didn't know any spells.
Your spell library contained the following spells:

 Spells                   Type           Power        Failure   Level  Hunger
 Ensorcelled Hibernation  Hex/Ice        #.....       90%         2    ###....
 Borgnjor's Vile Clutch   Necr/Erth      #.........   100%        5    ######.
 Silence                  Hex/Air        #.........   100%        5    ######.
 Darkness                 Hex            #.........   100%        6    #######
 Shadow Creatures         Summ           N/A          100%        6    #######


Dungeon Overview and Level Annotations

Branches:
Dungeon (4/15)
 Temple: D:4-7

Altars:
Fedhas
Kikubaaqudgha
Makhleb


Innate Abilities, Weirdness & Mutations

Your plain brown scales are hard. (AC +6)
You cannot fit into any form of body armour.
You are cold-blooded and may be slowed by cold attacks.


Message History

* * * LOW HITPOINT WARNING * * *
You feel sick.
* * * LOW HITPOINT WARNING * * *
You feel sick.
You see here a necrophage corpse.
* * * LOW HITPOINT WARNING * * *
You feel sick.
Things that are here:
a dagger; a giant cockroach corpse; an orc corpse
* * * LOW HITPOINT WARNING * * *
You feel sick.
Found a large cameo amulet.
* * * LOW HITPOINT WARNING * * *
You feel sick.
* * * LOW HITPOINT WARNING * * *
You feel sick.
You are feeling very hungry.
* * * LOW HITPOINT WARNING * * *
You feel sick.
You die...

#.......# #.......#
#.......# #.......+
#.......# #.......#
#.##########.......#
#....."@.......)...###
############...)†....#
.............#
####.........#
.............#
#######.#.#####.
...............>
#####.#<#.######
#.###...


There were no monsters in sight!

Vanquished Creatures
  A necrophage (D:4)
  A bullfrog (D:2)
  A worker ant (D:4)
  2 adders (D:3)
  An ooze (D:2)
  An adder skeleton (D:4)
  5 worms
  2 dart slugs (D:1)
  A leopard gecko (D:2)
  3 orcs
  2 giant cockroaches
  6 goblins
  8 hobgoblins
  A quokka (D:3)
  3 ball pythons
  8 bats
  2 frilled lizards
  8 kobolds
  9 rats
65 creatures vanquished.

Notes
Turn   | Place    | Note
-------+----------+-------------------------------------------
     0 | D:1      | shmeve the Draconian Fighter began the quest for the Orb.
     0 | D:1      | Reached XP level 1. HP: 19/19 MP: 1/1
   217 | D:1      | Reached XP level 2. HP: 26/26 MP: 2/2
   834 | D:1      | Reached XP level 3. HP: 31/31 MP: 3/3
  1328 | D:2      | Noticed a bullfrog
  1335 | D:2      | Killed a bullfrog
  1335 | D:2      | Reached skill level 1 in Stealth
  1335 | D:2      | Reached XP level 4. HP: 35/40 MP: 4/4
  1956 | D:2      | Found an ancient bone altar of Kikubaaqudgha.
  1956 | D:2      | Found a burning altar of Makhleb.
  2084 | D:3      | Found a blossoming altar of Fedhas.
  2248 | D:3      | Reached XP level 5. HP: 43/46 MP: 5/5
  2703 | D:4      | Noticed a necrophage
  2728 | D:4      | Killed a necrophage
  2728 | D:4      | Reached XP level 6. HP: 8/53 MP: 6/6
  2734 | D:4      | HP: 2/53 [poisoned by a worker ant]
  2738 | D:4      | Succumbed to a worker ant's poison

Skill      XL: |  1  2  3  4  5 |
---------------+----------------+-----
Dodging        | 3 |  3.7
Fighting       | 4 |  4.4
Stealth        | 1 |  1.6
Axes           | 3 |  3.4
Shields        | 4 |  4.1

Action                   |  1- 3 |  4- 6 || total
-------------------------+-------+-------++-------
Melee: War axe           |    86 |    87 ||   173
       Tailslap          |     7 |    10 ||    17
  Use: Scroll            |       |     2 ||     2
       Potion            |       |     2 ||     2
 Stab: Sleeping          |     1 |     3 ||     4
  Eat: Chunk             |     1 |     4 ||     5
Armor: Skin              |    29 |    26 ||    55
Dodge: Dodged            |    47 |    37 ||    84
Block: Shield            |    47 |    44 ||    91
